 Dungeon Crawl Stone Soup version 0.32-a0-996-gb3226c233f (webtiles) character file.

Game seed: 18175066170922354809

104 Fodor the Covered (level 4, 0/40 HPs)
             Began as a Minotaur Fighter on Apr 23, 2024.
             Killed by divine providence
             ... invoked by an orc priest
              (18 damage)
             ... on level 3 of the Dungeon.
             The game lasted 00:03:58 (1865 turns).

Fodor the Covered (Minotaur Fighter)                Turns: 1865, Time: 00:03:59

Health: 0/40       AC:  8    Str: 22    XL:     4   Next: 52%
Magic:  3/3        EV:  8    Int:  5    God:
Gold:   132        SH:  4    Dex: 10    Spells: 3/3 levels left

rFire   . . .        a - +0 war axe
rCold   . . .        c - +0 buckler
rNeg    . . .        b - +0 scale mail
rPois   .            (helmet restricted)
rElec   .            m - scarf {harm}
rCorr   .            o - +0 pair of gloves
SInv    .            (no boots)
Will    .....        (no amulet) Stlth
                     (no ring)
HPRegen 0.26/turn    (no ring)
MPRegen 0.08/turn

%: harm (+30% outgoing, +20% incoming)
@: no status effects
A: horns 2, retaliatory headbutt
a: Convert to Beogh


You were on level 3 of the Dungeon.
You visited 1 branch of the dungeon, and saw 3 of its levels.

You collected 132 gold pieces.

Inventory:

Hand Weapons
 a - a +0 war axe (weapon)
Missiles
 l - 4 poisoned darts (quivered)
Armour
 b - a +0 scale mail (worn)
 c - a +0 buckler (worn)
 m - a scarf of harm (worn)
 o - a +0 pair of gloves (worn)
Jewellery
 n - a ring of protection from fire
Talismans
 i - a blade talisman
Scrolls
 e - a scroll of silence {unknown}
 g - 7 scrolls of identify {unknown}
 j - a scroll of noise {unknown}
 p - a scroll of revelation {unknown}
Potions
 d - a potion of might
 f - 2 potions of berserk rage {unknown}
 h - a potion of enlightenment {unknown}
 k - 2 potions of invisibility {unknown}
 q - 2 potions of haste {unknown}
 r - 2 potions of attraction {unknown}


   Skills:
 + Level 4.1 Fighting
 + Level 4.0 Axes
 + Level 0.3 Throwing
 + Level 4.7 Armour
 + Level 0.2 Dodging
 + Level 4.1 Shields


You had 3 spell levels left.
You didn't know any spells.
Your spell library contained the following spells:

 Spells                   Type           Power      Damage    Failure   Level
 Apportation              Tloc           0%         N/A       86%         1
 Necrotise                Necr           0%         1d4       86%         1
 Sting                    Conj/Alch      0%         1d3       86%         1
 Summon Small Mammal      Summ           0%         N/A       86%         1


Dungeon Overview and Level Annotations

Branches:
Dungeon (3/15)

Altars:
Qazlal


Innate Abilities, Weirdness & Mutations

You have a pair of horns on your head.
You reflexively headbutt those who attack you in melee.


Message History

Things that are here:
a +0 club; a +0 ring mail; an orc corpse You now have 132 gold pieces (gained 5).
You open the door.
An adder comes into view.
You hit the adder.
The adder is severely wounded.
The adder bites you but does no damage. The adder bites you.
You barely miss the adder. Your headbutt misses the adder.
The adder is severely wounded.
The adder barely misses you. You furiously retaliate!
You headbutt the adder.
You kill the adder!
Your Axes skill increases to level 4!
Found a stone staircase leading down.
An orc priest comes into view. It is wielding a +0 dagger.
The orc priest looks satisfied for a moment.
You see here a scroll labelled SIUNEO SOIPETO. 2 orcs come into view.
The orc shouts! x2
You hit the orc. Your headbutt misses the orc.
The orc is severely wounded.
The orc barely misses you.
You barely miss the orc. Your headbutt misses the orc.
The orc is severely wounded.
The orc barely misses you.
You barely miss the orc priest. You barely miss the orc.
The orc hits you but does no damage.
The orc priest hits you with a +0 dagger.
You barely miss the orc priest. You hit the orc.
You kill the orc!
The orc priest calls down the wrath of Beogh upon you.
Pain shoots through your body!
You hit the orc priest. Your headbutt misses the orc priest.
The orc priest is moderately wounded.
You barely miss the orc. The orc hits you with a +0 hand axe.
The orc priest invokes the aid of Beogh against you.
Beogh smites you! The orc hits you with a +0 hand axe.
The orc priest invokes the aid of Beogh against you.
Beogh smites you!
You die...

#### ##. ..# ... #.#
###..##.#### #####
#....#.....######...#
....#......##....#.#
#..#.###..##.#..#.#
#..#.o#.###..##.#....##
#>..o@?...............
#.......###.##.##.###.
#.#...................
# #..#..###.###.#.####
.................#
###.#######.###.###
#.............#
#########.#######
#.......#


You could see an orc priest and an orc.

Vanquished Creatures
  5 adders
  2 dart slugs
  3 orcs (D:3)
  3 bats
  2 endoplasms (D:1)
  A giant cockroach (D:3)
  4 goblins
  3 hobgoblins
  7 jackals (D:2)
  10 kobolds
  A quokka (D:3)
  3 ball pythons
  A frilled lizard (D:3)
  4 rats
49 creatures vanquished.

Notes
Turn   | Place    | Note
-------+----------+-------------------------------------------
     0 | D:1      | Fodor the Minotaur Fighter began the quest for the Orb.
     0 | D:1      | Reached XP level 1. HP: 19/19 MP: 0/0
   291 | D:1      | Reached XP level 2. HP: 26/27 MP: 1/1
   393 | D:1      | Found a faded altar of an unknown god.
  1114 | D:2      | Reached XP level 3. HP: 33/33 MP: 2/2
  1505 | D:3      | Reached XP level 4. HP: 37/40 MP: 3/3
  1572 | D:3      | Found a stormy altar of Qazlal.
  1865 | D:3      | Killed from afar by an orc priest

Illustrated notes

Levels and vault maps discovered:
D:1:      dpeg_arrival_snail, layout_basic, ebering_ecumenical_altar_hall,
          feat_on_display
D:2:      layout_rooms, roderic_malta_cross
D:3:      layout_basic, lemuel_crystal_altar, minmay_misc_feat_chi,
          chequers_serial_rivers_micro_a

Skill      XL: |  1  2  3  4 |
---------------+-------------+-----
Armour         | 4 |  4.7
Fighting       | 4 |  4.1
Axes           | 3 4 |  4.0
Shields        | 4 |  4.1
Throwing       | |  0.3
Dodging        | |  0.2

Action                     |  1- 3 |  4- 6 || total
---------------------------+-------+-------++-------
  Melee: War axe           |    52 |    26 ||    78
         Headbutt          |     7 |     2 ||     9
  Throw: Dart              |     6 |       ||     6
 Armour: Scale mail        |    53 |    26 ||    79
  Dodge: Dodged            |    29 |     9 ||    38
  Block: Buckler           |    17 |     4 ||    21

Table legend: (Time is in decaauts)
 A = Elapsed time spent in this place.
 B = Non-inter-level travel time spent in this place.
 C = Inter-level travel time spent in this place.
 D = Time resting spent in this place.
 E = Time spent auto-exploring this place.
 F = Levels seen in this place.
 G = Mean time per level.
                   A        B        C        D        E       F      G
               +--------+--------+--------+--------+--------+-----+--------+
         Total |   1892 |   1892 |      0 |      0 |   1323 |   3 |  630.7 |
       Dungeon |   1892 |   1892 |      0 |      0 |   1323 |   3 |  630.7 |
               +--------+--------+--------+--------+--------+-----+--------+

Top non-repeatable levels by time:
     D:1: 966 daAuts
     D:2: 517 daAuts
     D:3: 408 daAuts
